 Dungeon Crawl Stone Soup version 0.28-a0-1182-g381e24db82 (webtiles) character file.

Game seed: 10149652154218400869

128 fragbeetle the Ruffian (level 4, -2/35 HPs)
             Began as a Draconian Transmuter on Dec 17, 2021.
             Slain by a gnoll (7 damage)
             ... on level 2 of the Dungeon.
             The game lasted 00:04:20 (2519 turns).

fragbeetle the Ruffian (Draconian Transmuter)       Turns: 2519, Time: 00:04:21

Health: -2/35      AC:  5    Str: 14    XL:     4   Next: 87%
Magic:  16/16      EV: 12    Int: 14    God:
Gold:   29         SH:  0    Dex: 11    Spells: 3/7 levels left

rFire   . . .      SeeInvis .     - Unarmed
rCold   . . .      Faith    .   (no shield)
rNeg    . . .      Spirit   .   (armour unavailable)
rPois   .          Reflect  .   (helmet currently unavailable)
rElec   .          Harm     .   (no cloak)
rCorr   .          Rampage  .   (no gloves)
Will    .....                   (boots currently unavailable)
Stlth   +.........              (no amulet)
HPRegen 0.11/turn               b - ring of magical power
MPRegen 0.15/turn               (no ring)

@: appendages (expiring)
A: horns 2, talons 2, AC +5, unfitting armour, cold-blooded
a: End Transformation


You were on level 2 of the Dungeon.
You had temporarily grown beastly horns and talons.
You visited 1 branch of the dungeon, and saw 2 of its levels.

You collected 29 gold pieces.

Inventory:

Jewellery
 b - a ring of magical power (left hand)
Scrolls
 e - a scroll of noise {unknown}
Potions
 a - 7 potions of curing {unknown}
 c - a potion of attraction {unknown}
 d - a potion of berserk rage {unknown}
 f - a potion of brilliance {unknown}


   Skills:
 - Level 1.1 Fighting
 - Level 1.7 Dodging
 + Level 4.2 Unarmed Combat
 - Level 2.0 Spellcasting
 + Level 3.6 Transmutations
 + Level 1.5 Poison Magic


You had 3 spell levels left.
You knew the following spells:

 Your Spells              Type           Power      Damage    Failure   Level
a - Beastly Appendage     Tmut           22%        N/A       5%          1
b - Spider Form           Tmut/Pois      8%         N/A       24%         3

Your spell library contained the following spells:

 Spells                   Type           Power      Damage    Failure   Level
 Wereblood                Tmut           11%        N/A       9%          2
 Static Discharge         Conj/Air       1%         N/A       34%         2
 Ice Form                 Ice/Tmut       6%         N/A       75%         4
 Lightning Bolt           Conj/Air       0%         1d11      100%        5
 Maxwell's Capacitive Co  Air            0%         ∞         100%        8


Dungeon Overview and Level Annotations

Branches:
Dungeon (2/15)

Altars:

Shops:
D:2 [


Innate Abilities, Weirdness & Mutations

You have temporarily grown beastly horns and talons.
Your plain brown scales are hard. (AC +5)
You cannot fit into any form of body armour.
You are cold-blooded and may be slowed by cold attacks.


Message History

A gnoll comes into view. It is wielding a +0 whip.
The gnoll shouts!
Your horns disappear.
Your talons disappear.
You grow a pair of large bovine horns.
Your feet morph into talons.
The gnoll misses you.
You closely miss the gnoll. You claw the gnoll, but do no damage.
You headbutt the gnoll. You tail-slap the gnoll. You punch the gnoll.
The gnoll is almost dead.
The gnoll hits you with a +0 spear.
You punch the gnoll!
You kill the gnoll!
The gnoll barely misses you.
You barely miss the gnoll. You headbutt the gnoll.
The gnoll is lightly wounded.
The gnoll hits you with a +0 flail! The gnoll hits you but does no damage.
You hit the gnoll but do no damage. You headbutt the gnoll.
The gnoll is moderately wounded.
The gnoll closely misses you. The gnoll hits you with a +0 flail.
You hit the gnoll. You tail-slap the gnoll.
The gnoll is severely wounded.
The gnoll closely misses you. The gnoll barely misses you.
You closely miss the gnoll.
The gnoll is severely wounded.
Your transformation is almost over.
The gnoll barely misses you. The gnoll hits you but does no damage.
You punch the gnoll!
You kill the gnoll!
The gnoll hits you from afar with a +0 halberd!
You hit the gnoll.
The gnoll is moderately wounded.
You hit the gnoll. You claw the gnoll.
The gnoll is almost dead.
The gnoll hits you from afar with a +0 halberd!
* * * LOW HITPOINT WARNING * * *
The gnoll completely misses you.
You hit the gnoll.
You kill the gnoll!
The gnoll barely misses you. The gnoll hits you with a +0 halberd!
You die...

# #?.......## ##
##.........# .##
#..........# ..##
#..........# #..##
#.##..........# ##..##
#.#...........#
##..###.#.##.......##
####..##...###†g...##
.............†.#@###
#####..........#.# ##
#...#.......#.#
..##.#.#.......#.....#
..#.#.........#.....#
#.#.###.......#.....#
#.#.# #.#############
##...###.# ......##.#


You could see a gnoll.

Vanquished Creatures
  6 gnolls
  3 adders (D:2)
  3 dart slugs (D:1)
  3 bats (D:1)
  7 endoplasms
  A giant cockroach (D:1)
  2 goblins
  A hobgoblin (D:1)
  5 kobolds
  A quokka (D:1)
  2 ball pythons (D:1)
  3 frilled lizards
  2 rats
39 creatures vanquished.

Notes
Turn   | Place    | Note
-------+----------+-------------------------------------------
     0 | D:1      | fragbeetle the Draconian Transmuter began the quest for the
                  | Orb.
     0 | D:1      | Reached XP level 1. HP: 16/16 MP: 3/3
   414 | D:1      | Reached XP level 2. HP: 18/23 MP: 5/5
   914 | D:1      | Reached XP level 3. HP: 26/28 MP: 6/6
  1861 | D:2      | Found Rusuvv Cureo's Antique Armour Shop.
  1874 | D:2      | Learned a level 3 spell: Spider Form
  2287 | D:2      | Reached skill level 4 in Unarmed Combat
  2287 | D:2      | Reached XP level 4. HP: 35/35 MP: 7/7
  2304 | D:2      | Reached skill level 1 in Poison Magic
  2519 | D:2      | Slain by a gnoll

Illustrated notes

Levels and vault maps discovered:
D:1:      amcnicky_arrival_feature_with_door, layout_loops_corners
D:2:      layout_rooms, serial_shops, nicolae_shop_statue_plus,
          nicolae_shop_hallway_plus

Skill      XL: |  1  2  3  4 |
---------------+-------------+-----
Transmutations | 3 |  3.6
Unarmed Combat | 4 |  4.2
Poison Magic   | 1 |  1.5
Fighting       | |  1.1
Dodging        | |  1.7
Spellcasting   | |  2.0

Action                   |  1- 3 |  4- 6 || total
-------------------------+-------+-------++-------
Melee: Unarmed           |    85 |    26 ||   111
       Kick              |    19 |     4 ||    23
       Headbutt          |    10 |     4 ||    14
       Tailslap          |     7 |     3 ||    10
       Punch             |     1 |     1 ||     2
 Cast: Beastly Appendage |    20 |     4 ||    24
 Stab: Sleeping          |     3 |       ||     3
Armor: Skin              |    25 |     4 ||    29
Dodge: Dodged            |    43 |    16 ||    59

Table legend: (Time is in decaauts)
 A = Elapsed time spent in this place.
 B = Non-inter-level travel time spent in this place.
 C = Inter-level travel time spent in this place.
 D = Time resting spent in this place.
 E = Time spent auto-exploring this place.
 F = Levels seen in this place.
 G = Mean time per level.
                   A        B        C        D        E       F      G
               +--------+--------+--------+--------+--------+-----+--------+
         Total |   2516 |   2516 |      0 |    628 |   1355 |   2 | 1258.0 |
       Dungeon |   2516 |   2516 |      0 |    628 |   1355 |   2 | 1258.0 |
               +--------+--------+--------+--------+--------+-----+--------+

Top non-repeatable levels by time:
     D:1: 2177 daAuts
     D:2: 339 daAuts
